 Dungeon Crawl Stone Soup version 0.30-a0-12-gd8047c6341 (webtiles) character file.

Game seed: 17961434670496580930

70 zazu2006 the Magician (level 4, -1/36 HPs)
             Began as a Naga Hedge Wizard on Aug 23, 2022.
             Slain by a hobgoblin (2 damage)
             ... led by Robin
             ... on level 2 of the Dungeon.
             The game lasted 00:04:30 (1651 turns).

zazu2006 the Magician (Naga Hedge Wizard)           Turns: 1651, Time: 00:04:30

Health: -1/36      AC:  4    Str: 20    XL:     4   Next: 22%
Magic:  8/19       EV:  9    Int: 15    God:
Gold:   116        SH:  0    Dex:  8    Spells: 2/11 levels left

rFire   + . .      SeeInvis +    f - +0 long sword
rCold   + . .      Faith    .    (no shield)
rNeg    . . .      Spirit   .    b - +0 robe
rPois   +          Reflect  .    h - +0 helmet
rElec   +          Harm     .    e - +0 cloak
rCorr   +          Rampage  .    (no gloves)
Will    .....                    (no barding)
Stlth   ++........               (no amulet)
HPRegen 0.12/turn                g - ring of magical power
MPRegen 0.16/turn                (no ring)

@: resistant, very slow
A: AC +1, large, see invisible, deformed body, poison resistance, slowness 2,
spit poison 1, naga tail 1, deterioration 1, strong 2, inability to read after
injury 1
a: Spit Poison


You were on level 2 of the Dungeon.
You visited 1 branch of the dungeon, and saw 2 of its levels.

You collected 116 gold pieces.

Inventory:

Hand Weapons
 f - a +0 long sword (weapon)
 o - a +3 dagger
Armour
 b - a +0 robe (worn)
 e - a +0 cloak (worn)
 h - a +0 helmet (worn)
 w - the +8 ring mail of Sif Muna, Piercing {rElec rPois}
   (You found it on level 2 of the Dungeon)

   rElec:     It insulates you from electricity.
   rPois:     It protects you from poison.
Jewellery
 g - a ring of magical power (left hand)
 t - a ring of fire
 u - an amulet of regeneration
Scrolls
 a - 2 scrolls of teleportation {unknown}
 c - a scroll of blinking {unknown}
 j - a scroll of immolation {unknown}
 k - a scroll of enchant weapon {unknown}
 n - 3 scrolls of torment {unknown}
 r - a scroll of amnesia {unknown}
 s - a scroll of butterflies {unknown}
 v - a scroll of poison {unknown}
Potions
 d - a potion of magic
 l - a potion of degeneration {unknown}
 q - a potion of attraction {unknown}


   Skills:
 + Level 0.1 Fighting
 + Level 0.4 Long Blades
 + Level 1.9 Dodging
 + Level 3.6 Stealth
 + Level 4.1 Spellcasting
 + Level 1.4 Conjurations
 + Level 1.0 Summonings
 + Level 1.0 Translocations


You had 2 spell levels left.
You knew the following spells:

 Your Spells              Type           Power      Damage    Failure   Level
a - Magic Dart            Conj           28%        1d4       10%         1
b - Mephitic Cloud        Conj/Pois/Air  4%         N/A       41%         3
c - Conjure Flame         Conj/Fire      5%         6-21      36%         3
d - Blink                 Tloc           12%        N/A       19%         2

Your spell library contained the following spells:

 Spells                   Type           Power      Damage    Failure   Level
 Beastly Appendage        Tmut           6%         N/A       19%         1
 Sandblast                Erth           6%         2d5       19%         1
 Slow                     Hex            12%        N/A       19%         1
 Call Imp                 Summ           6%         N/A       19%         2
 Static Discharge         Conj/Air       5%         3-4/arc   21%         2
 Ensorcelled Hibernation  Hex/Ice        6%         N/A       26%         2
 Passwall                 Tmut/Erth      2%         N/A       26%         2
 Wereblood                Tmut           3%         N/A       26%         2
 Stone Arrow              Conj/Erth      10%        3d7       36%         3
 Spider Form              Tmut/Pois      3%         N/A       47%         3
 Swiftness                Air            3%         N/A       47%         3
 Sticky Flame             Conj/Fire      5%         2d3       78%         4
 Dispel Undead            Necr           3%         3d7       87%         4


Dungeon Overview and Level Annotations

Branches:
Dungeon (2/15)

Altars:
Fedhas

Annotations:
D:2 Robin


Innate Abilities, Weirdness & Mutations

Your serpentine skin is tough. (AC +1)
You have supernaturally acute eyesight. (SInv)
Armour fits poorly on your strangely shaped body.
Your system is resistant to poisons. (rPois)
You cover ground very slowly.
You can spit poison.
You have a snake-like lower body.
Your body sometimes deteriorates upon taking damage.
Your muscles are very strong. (Str +8, Int/Dex -2)
You occasionally lose the ability to read scrolls when taking damage.


Message History

The hobgoblin hits you.
* * * LOW HITPOINT WARNING * * *
Your magical contamination has completely faded away.
Unknown command.
Unknown command.
Casting: Magic Dart (safe; 9% risk of failure)
Confirm with . or Enter, or press ? or * to list all spells.
Aiming: Magic Dart (safe; 9% risk of failure)
Press: ? - help, Shift-Dir - straight line, f/p - hobgoblin
Aim: a hobgoblin, wearing a +2 scale mail of poison resistance (almost dead, strong, 100% to hit)
The magic dart hits the hobgoblin but does no damage.
The hobgoblin is almost dead.
The hobgoblin hits you.
* * * LOW HITPOINT WARNING * * *
Unknown command.
It was a potion of mutation.
You feel extremely strange.
You feel yourself wasting away.
You feel stronger.
You occasionally lose the ability to read scrolls when taking damage.
You feel stronger. The hobgoblin closely misses you.
Casting: Magic Dart (safe; 10% risk of failure)
Confirm with . or Enter, or press ? or * to list all spells.
The spell is quite dangerous to miscast (41% risk of failure)!
Continue anyway?
Aiming: Mephitic Cloud (quite dangerous; 41% risk of failure)
Press: ? - help, Shift-Dir - straight line, f/p - hobgoblin
Aim: a hobgoblin, wearing a +2 scale mail of poison resistance (almost dead, strong, chance to affect: 96%)
The ball explodes into a vile cloud!
The stinking cloud engulfs the hobgoblin but does no damage.
The hobgoblin is almost dead.
The stinking cloud engulfs you but does no damage.
The stinking cloud engulfs Robin but does no damage.
Robin is severely wounded.
You hear a shout!
Robin is engulfed in noxious fumes.
Robin appears confused.
The hobgoblin hits you.
* * * LOW HITPOINT WARNING * * *
You barely miss the hobgoblin.
The hobgoblin is almost dead.
The hobgoblin hits you.
You die...

.......<....#.#
########.#..#.#
....#.#.# ###
........#.# ..#
........### #
...#.#
......... #
..#.#
...######## #
..#.# ..>
......## #
#.#@# ........
#.###.#g#
##.....
#.....#○#
####.. #....#
##. #...g# #...
## #....# #....
# #....##.....
##††?##......
#....#.......


You could see Robin (confused) and a hobgoblin (strong).

Vanquished Creatures
  Jessica (D:2)
  4 endoplasms
  2 giant cockroaches (D:2)
  6 goblins (D:2)
  7 hobgoblins
  2 jackals (D:1)
  3 kobolds
  A quokka (D:1)
  4 ball pythons
  4 bats (D:1)
  A frilled lizard (D:1)
  4 rats
39 creatures vanquished.

Notes
Turn   | Place    | Note
-------+----------+-------------------------------------------
     0 | D:1      | zazu2006 the Naga Hedge Wizard began the quest for the Orb.
     0 | D:1      | Reached XP level 1. HP: 15/15 MP: 4/4
   540 | D:1      | Reached XP level 2. HP: 22/22 MP: 6/6
  1094 | D:2      | Noticed Jessica
  1097 | D:2      | Killed Jessica
  1098 | D:2      | Reached XP level 3. HP: 28/28 MP: 8/8
  1116 | D:2      | Found a blossoming altar of Fedhas.
  1426 | D:2      | Noticed Robin
  1438 | D:2      | Reached skill level 4 in Spellcasting
  1442 | D:2      | Reached XP level 4. HP: 36/36 MP: 10/10
  1508 | D:2      | Learned a level 3 spell: Mephitic Cloud
  1512 | D:2      | Learned a level 3 spell: Conjure Flame
  1515 | D:2      | Learned a level 2 spell: Blink
  1591 | D:2      | Identified the +8 ring mail of Sif Muna, Piercing {rElec
                  | rPois}
  1649 | D:2      | Gained mutation: Your body sometimes deteriorates upon
                  | taking damage. [potion of mutation]
  1649 | D:2      | Gained mutation: Your muscles are strong. (Str +4, Int/Dex
                  | -1) [potion of mutation]
  1649 | D:2      | Gained mutation: You occasionally lose the ability to read
                  | scrolls when taking damage. [potion of mutation]
  1649 | D:2      | Gained mutation: Your muscles are very strong. (Str +8,
                  | Int/Dex -2) [potion of mutation]
  1650 | D:2      | HP: 1/36 [hobgoblin[Robin] (2)]
  1651 | D:2      | Slain by a hobgoblin

Illustrated notes

Levels and vault maps discovered:
D:1:      zaba_arrival_water, layout_basic, dk_noncrumbling_4
D:2:      kennysheep_big_flooded_room, layout_basic, basic_altar,
          dk_noncrumbling_2, uniq_robin, uniq_jessica

Skill      XL: |  1  2  3 |
---------------+----------+-----
Spellcasting   | 4 |  4.1
Fighting       | |  0.1
Long Blades    | |  0.4
Dodging        | |  1.9
Stealth        | |  3.6
Conjurations   | |  1.4
Summonings     | |  1.0
Translocations | |  1.0

Action                   |  1- 3 |  4- 6 || total
-------------------------+-------+-------++-------
Melee: Long sword        |    15 |    22 ||    37
 Cast: Magic Dart        |    65 |    24 ||    89
       Mephitic Cloud    |       |     4 ||     4
       Blink             |       |     1 ||     1
 Abil: Spit Poison       |     2 |     4 ||     6
  Use: Potion            |       |     3 ||     3
Armor: Robe              |    14 |    16 ||    30
Dodge: Dodged            |    20 |    39 ||    59

Table legend: (Time is in decaauts)
 A = Elapsed time spent in this place.
 B = Non-inter-level travel time spent in this place.
 C = Inter-level travel time spent in this place.
 D = Time resting spent in this place.
 E = Time spent auto-exploring this place.
 F = Levels seen in this place.
 G = Mean time per level.
                   A        B        C        D        E       F      G
               +--------+--------+--------+--------+--------+-----+--------+
         Total |   1996 |   1982 |     14 |     46 |   1515 |   2 |  998.0 |
       Dungeon |   1996 |   1982 |     14 |     46 |   1515 |   2 |  998.0 |
               +--------+--------+--------+--------+--------+-----+--------+

Top non-repeatable levels by time:
     D:1: 1174 daAuts
     D:2: 822 daAuts
